 Dungeon Crawl Stone Soup version 0.28-a0-1629-gf728b707aa (webtiles) character file.

Game seed: 683351672042480912

191730 frimble the Peltast (level 18, -6/159 HPs)
             Began as a Demonspawn Warper on Jan 25, 2022.
             Was a High Priest of Cheibriados.
             Shot with an arrow by a deep elf master archer (17 damage)
             ... on level 3 of the Elven Halls.
             The game lasted 01:07:46 (27124 turns).

frimble the Peltast (Demonspawn Warper)            Turns: 27124, Time: 01:07:47

Health: -6/159     AC: 27    Str: 35    XL:     18   Next: 2%
Magic:  28/30      EV: 12    Int: 36    God:    Cheibriados [*****.]
Gold:   2356       SH: 21    Dex: 27    Spells: 31/33 levels left

rFire   + + +      SeeInvis .   U - +3 demon blade (vamp)
rCold   + + +      Faith    .   z - +5 kite shield {rC+ rF+}
rNeg    + + .      Spirit   .   v - +3 chain mail {rF+}
rPois   +          Reflect  .   q - +2 helmet {Int+3}
rElec   .          Harm     .   w - scarf {rC+ rF+}
rCorr   +          Rampage  .   D - +2 pair of gloves {Dex+3}
Will    ++...                   g - +2 pair of boots
Stlth   ..........              h - amulet "Parait" {Regen+ Str+4 Int+2}
HPRegen 1.16/turn               l - ring "Zoetucyem" {rC+ rN++ Str+5 Dex-2}
MPRegen 0.22/turn               S - ring "Moneri" {rPois rF+ Will+}

@: about to teleport, very slow
A: yellow scales 3, powered by pain 2, robust 1, spiny 3, weakness stinger 2
a: Renounce Religion, Bend Time, Temporal Distortion, Slouch, Step From Time


You were on level 3 of the Elven Halls.
You worshipped Cheibriados.
Cheibriados was extremely pleased with you.
You visited 4 branches of the dungeon, and saw 26 of its levels.
You also visited: Sewer, Ossuary, Gauntlet and Desolation.

You collected 2957 gold pieces.
You spent 601 gold pieces at shops.

Inventory:

Hand Weapons
 a - a +1 dagger of venom
 b - a +4 scimitar of flaming
 U - a +3 vampiric demon blade (weapon)
Missiles
 d - 4 boomerangs of dispersal
 m - 3 boomerangs (quivered)
 G - 12 javelins
Armour
 g - a +2 pair of boots (worn)
 q - a +2 helmet of intelligence (worn)
 v - a +3 chain mail of fire resistance (worn)
 w - a scarf of resistance (worn)
 z - a +5 kite shield of resistance (worn)
 D - a +2 pair of gloves of dexterity (worn)
 R - the +0 cloak of Soft Rains {Int+4}
   (You found it in a Gauntlet)

   Int:       It affects your intelligence (+4).
Jewellery
 e - the ring "Hir Cuori" {Fly rF- Will+ Dex+4}
   (You found it in the Desolation of Salt)

   [ring of willpower]

   Dex:       It affects your dexterity (+4).
   rF:        It makes you vulnerable to fire.
   Fly:       It grants you flight.
   Will:      It increases your willpower.
 h - the amulet "Parait" (around neck) {Regen+ Str+4 Int+2}
   (You found it in the Desolation of Salt)

   [amulet of regeneration]

   Str:       It affects your strength (+4).
   Int:       It affects your intelligence (+2).
   Regen:     It increases your rate of health regeneration.
 i - a +6 ring of intelligence
 j - a ring of see invisible
 l - the ring "Zoetucyem" (left hand) {rC+ rN++ Str+5 Dex-2}
   (You found it in the Desolation of Salt)

   [ring of protection from cold]

   Str:       It affects your strength (+5).
   Dex:       It affects your dexterity (-2).
   rC:        It protects you from cold.
   rN:        It greatly protects you from negative energy.
 p - the ring "Vaishrops" {Wiz rPois}
   (You found it in the Desolation of Salt)

   [ring of wizardry]

   It improves your spell success rate.
   rPois:     It protects you from poison.
 u - the amulet "Ofarovej" {RegenMP Int+3}
   (You found it in the Desolation of Salt)

   [amulet of magic regeneration]

   It increases your rate of magic regeneration.
   Int:       It affects your intelligence (+3).
 F - a ring of flight
 L - the ring of Tempters {Fire rPois Str+10 Int+3 Dex-5}
   (You found it in the Desolation of Salt)

   [ring of fire]

   It enhances your fire magic.
   Str:       It affects your strength (+10).
   Int:       It affects your intelligence (+3).
   Dex:       It affects your dexterity (-5).
   rF:        It protects you from fire.
   rC:        It makes you vulnerable to cold.
   rPois:     It protects you from poison.
 S - the ring "Moneri" (right hand) {rPois rF+ Will+}
   (You found it in a Gauntlet)

   [ring of willpower]

   rF:        It protects you from fire.
   rPois:     It protects you from poison.
   Will:      It increases your willpower.
 T - a +4 ring of protection
 X - a ring of protection from fire
Wands
 I - a wand of flame (26)
 O - a wand of paralysis (10)
 Y - a wand of polymorph (7)
Scrolls
 c - 5 scrolls of blinking
 t - 3 scrolls of amnesia
 x - 4 scrolls of immolation
 y - 3 scrolls of fog
 A - 5 scrolls of identify
 H - a scroll of enchant weapon
 J - 5 scrolls of fear
 M - a scroll of enchant armour
 N - 2 scrolls of teleportation
 P - a scroll of silence
Potions
 f - 16 potions of curing
 k - 4 potions of mutation
 n - 3 potions of invisibility
 o - 2 potions of brilliance
 r - 4 potions of ambrosia
 s - a potion of resistance
 B - 6 potions of magic
 C - 2 potions of might
 E - 6 potions of cancellation
 K - 2 potions of haste
 Q - a potion of heal wounds
 W - 4 potions of flight
Miscellaneous
 V - a condenser vane (inert)


   Skills:
 + Level 13.7 Fighting
 - Level 8.9(12.0) Short Blades
 - Level 12.9(14.0) Long Blades
 - Level 3.3(3.6) Axes
 - Level 1.7(2.8) Maces & Flails
 - Level 0.8 Throwing
 - Level 7.0 Armour
 - Level 5.0 Dodging
 - Level 15.5 Shields
 - Level 8.0 Spellcasting
 - Level 8.0 Translocations
 + Level 12.5 Invocations
 + Level 9.2 Evocations


You had 31 spell levels left.
You knew the following spells:

 Your Spells              Type           Power      Damage    Failure   Level
a - Blink                 Tloc           100%       N/A       1%          2

Your spell library contained the following spells:

 Spells                   Type           Power      Damage    Failure   Level
 Gell's Gravitas          Tloc           64%        N/A       1%          3
 Lesser Beckoning         Tloc           64%        N/A       1%          3
 Teleport Other           Tloc           64%        N/A       1%          3
 Passage of Golubria      Tloc           64%        N/A       7%          4
 Portal Projectile        Hex/Tloc       86%        N/A       11%         3
 Beastly Appendage        Tmut           28%        N/A       19%         1
 Foxfire                  Conj/Fire      56%        2x1d6     19%         1
 Magic Dart               Conj           56%        1d5       19%         1
 Shock                    Conj/Air       56%        1d6       19%         1
 Slow                     Hex            56%        N/A       19%         1
 Sting                    Tmut/Pois      56%        1d5       19%         1
 Manifold Assault         Tloc           64%        N/A       19%         5
 Call Imp                 Summ           14%        N/A       26%         2
 Corpse Rot               Necr/Air       28%        N/A       26%         2
 Ensorcelled Hibernation  Hex/Ice        28%        N/A       26%         2
 Scorch                   Fire           28%        2d6       26%         2
 Wereblood                Tmut           14%        N/A       26%         2
 Iskenderun's Mystic Bla  Conj/Tloc      43%        2d10      34%         4
 Confusing Touch          Hex            14%        N/A       47%         3
 Conjure Flame            Conj/Fire      14%        6-21      47%         3
 Dazzling Flash           Conj/Hex       28%        N/A       47%         3
 Frozen Ramparts          Ice            28%        1d4       47%         3
 Inner Flame              Hex/Fire       14%        N/A       47%         3
 Mephitic Cloud           Conj/Pois/Air  14%        N/A       47%         3
 Spider Form              Tmut/Pois      14%        N/A       47%         3
 Stone Arrow              Conj/Erth      28%        3d8       47%         3
 Tukima's Dance           Hex            14%        N/A       47%         3
 Vampiric Draining        Necr           14%        2d7       47%         3
 Summon Forest            Summ/Tloc      21%        N/A       67%         5
 Anguish                  Hex/Necr       7%         N/A       87%         4
 Animate Armour           Summ/Erth      28%        N/A       87%         4
 Cause Fear               Hex            7%         N/A       87%         4
 Dispel Undead            Necr           14%        3d10      87%         4
 Flame Wave               Conj/Fire      14%        2d6       87%         4
 Sticky Flame             Conj/Fire      14%        2d4       87%         4
 Fireball                 Conj/Fire      7%         3d5       99%         5
 Yara's Violent Unravell  Hex/Tmut       7%         3d5       99%         5
 Conjure Ball Lightning   Conj/Air       7%         3x3d6     100%        6
 Death Channel            Necr           7%         N/A       100%        6
 Iron Shot                Conj/Erth      7%         9d2       100%        6
 Starburst                Conj/Fire      7%         6d4       100%        6
 Summon Cactus Giant      Summ           7%         N/A       100%        6
 Dragon Form              Tmut           7%         N/A       100%        7
 Enfeeble                 Hex            7%         N/A       100%        7
 Ozocubu's Refrigeration  Ice            7%         4d6       100%        7
 Discord                  Hex            7%         N/A       100%        8
 Lehudib's Crystal Spear  Conj/Erth      7%         10d3      100%        8
 Chain Lightning          Conj/Air       7%         3d9       100%        9
 Dragon's Call            Summ           7%         N/A       100%        9


Dungeon Overview and Level Annotations

Branches:
Dungeon (15/15)            Temple (0/1) D:6            Lair (6/6) D:10
  Swamp (0/4) Lair:3        Snake (0/4) Lair:3        Slime (0/5) Lair:6
    Orc (2/2) D:11            Elf (3/3) Orc:2        Vaults (0/5) D:13
 Depths (0/4) D:15          Sewer (visited)         Ossuary (visited)
Desolation (visited)      Gauntlet (visited)

Altars:
Cheibriados
Elyvilon
Fedhas
Gozag
Hepliaklqana
Makhleb
Okawaru
Qazlal
Ru
Sif Muna
Trog
Vehumet
Zin
The Shining One
Beogh
Jiyva

Shops:
D:3 (   D:9 *   D:14 [*   Orc:1 [   Orc:2 (*((   Elf:2 *(([

Portals:
Trove: Elf:1 (give +2 shadow dragon scales)

Annotations:
Elf:3 3 runed translucent doors, Olleb's ghost, adept GnWn


Innate Abilities, Weirdness & Mutations

You are completely covered in yellow scales. (AC +4, rCorr)
You sometimes gain power by taking damage.
You are robust. (+10% HP)
You are completely covered in sharp spines.
You have a tail ending in a sharp stinger.


Message History

Aim: a deep elf high priest, wielding a +0 shortbow, wearing a +0 leather armour, wearing a ring of wizardry and quivering arrows (moderately wounded, very poisoned, 63% to hit)
You throw a boomerang.
The boomerang hits the deep elf high priest!
The deep elf high priest is heavily wounded.
You are covered in liquid flames!
The deep elf high priest shoots an arrow.
You block the arrow.
A deep elf master archer comes into view.
Throw: 3 boomerangs
Press: ? - help, Q - select action, (/) - cycle Shift-Dir - straight line, f/p - deep elf high priest
Aim: a deep elf high priest, wielding a +0 shortbow, wearing a +0 leather armour, wearing a ring of wizardry and quivering arrows (heavily wounded, very poisoned, 63% to hit)
You throw a boomerang.
The boomerang barely misses the deep elf high priest.
You are covered in liquid flames!
The deep elf high priest utters a dark prayer and points at you.
Your life force is offered up.
The deep elf high priest is healed.
The deep elf master archer wields a +0 longbow.
The deep elf master archer shoots an arrow.
The arrow hits you but does no damage.
The deep elf high priest shoots an arrow.
The arrow closely misses you.
Okay, then.
Unknown command.
The deep elf master archer shoots an arrow.
The arrow hits you!
The deep elf master archer shoots an arrow.
The arrow hits you!!
* * * LOW HITPOINT WARNING * * *
As you read the scroll of teleportation, it crumbles to dust.
You feel strangely unstable.
The deep elf high priest is engulfed in poison gas.
The deep elf high priest looks even sicker.
The deep elf high priest shoots an arrow.
You block the arrow.
The deep elf master archer shoots an arrow.
The arrow hits you!!
* * * LOW HITPOINT WARNING * * *
The deep elf master archer shoots an arrow.
The arrow hits you!
You die...

....####....)...#.......#
##..#
.......#.#....###§§.....#
###....
..........).....§§§.....#
#......
...............)§§§.....#
#.#.#.#
.....##........§§.).....#
#.#...#
...............§ee..e...#
#.#..##
...#.###.#.....#§###...##
#...... ##.#.#
#.#.....#.# ###e##
####.## ##...#
#.#.....#@# #..# #.#
#..### ###########
###.### ### #..####
#.))..# #.....# #..)..#
#.....# ##))e## ...#.##
##)## ##.#.# #.))..#
##.#.# #.........# ...#.#
#e.....)).....#


You could see a deep elf master archer and a deep elf high priest (very
poisoned).

Vanquished Creatures
  Bai Suzhen (Elf:3)
  Asterion (Elf:2)
  Rupert (Lair:4)
  2 deep elf blademasters
  Kirke (Lair:4)
  A fire giant (D:15)
  3 deep elf sorcerers
  An imperial myrmidon (Desolation)
  4 deep elf elementalists (Elf:3)
  3 deep elf demonologists (Elf:3)
  2 halazid warlocks (Desolation)
  4 deep elf annihilators (Elf:3)
  A minotaur (Gauntlet)
  An ettin (Orc:2)
  5 crystal guardians
  3 deep elf death magi (Elf:3)
  10 ragged hierophants (Desolation)
  4 deep elf high priests (Elf:3)
  9 servants of whispers (Desolation)
  10 hydras
  Erolcha (D:12)
  5 boulder beetles
  A catoblepas (Lair:6)
  6 peacekeepers (Desolation)
  A merfolk avatar (Lair:6)
  28 dancing weapons
  3 two-headed ogres
  3 tengu warriors (D:14)
  6 centaur warriors
  A death knight (D:13)
  Urug (Lair:1)
  2 death yaks
  7 orc high priests (Orc:2)
  14 deep elf knights
  A skeletal warrior (D:13)
  3 sea snakes (Lair:6)
  A death drake (shapeshifter) (D:15)
  A spriggan druid (Elf:2)
  7 deep elf archers
  2 harpies (shapeshifter)
  19 deep elf zephyrmancers
  A phantasmal warrior (D:13)
  6 ironbound convokers (Desolation)
  An orc knight (D:15)
  18 deep elf pyromancers
  An orc sorcerer (Orc:2)
  12 ugly things
  A salamander (shapeshifter) (Elf:1)
  A moth of wrath (shapeshifter) (D:13)
  An oklob plant (Lair:2)
  7 cyclopes
  A moth of wrath (Gauntlet)
  A cyclops (shapeshifter) (D:15)
  15 elephants
  3 manticores
  Maurice (Orc:1)
  4 black mambas
  5 guardian serpents (Desolation)
  A torpor snail (Lair:2)
  A gargoyle (D:8)
  4 molten gargoyles (Desolation)
  17 cane toads
  4 rime drakes
  2 tengu conjurers
  A freezing wraith (D:14)
  3 yaktaurs (D:15)
  3 trolls
  14 komodo dragons
  6 polar bears
  A wind drake (Lair:6)
  18 slime creatures
  3 hornets
  A meliai zombie (D:10)
  4 dream sheep (Lair:3)
  64 saltlings (Desolation)
  22 blink frogs
  5 air elementals
  4 centaur simulacra
  6 shadows
  A fire elemental (Elf:3)
  2 water elementals
  4 wyverns
  32 yaks
  4 hogs (Lair:4)
  6 wraiths
  3 steam dragons
  5 basilisks
  Menkaure (D:5)
  4 small abominations (Gauntlet)
  11 wargs
  4 vampire mosquitoes (D:12)
  5 nagas (Lair:3)
  2 acid dragons
  21 water moccasins
  3 large abominations (Gauntlet)
  15 orc warriors
  2 sky beasts
  A hornet zombie (D:8)
  2 ice beasts
  A necrophage (D:5)
  A sky beast (shapeshifter) (D:14)
  43 wolves
  An ogre (Orc:1)
  4 boggarts (D:14)
  21 centaurs
  3 phantoms
  3 kobold brigands
  7 bullfrogs
  3 gnoll sergeants
  2 scorpions
  8 water moccasin zombies
  A water moccasin skeleton (D:7)
  8 killer bees
  6 wights
  4 electric eels
  A bullfrog zombie (D:6)
  A centaur skeleton (D:7)
  6 centaur zombies
  4 hounds
  A jelly (D:8)
  36 orc priests
  A gnoll shaman (D:8)
  8 iguanas
  25 orc wizards
  A hell rat (Sewer)
  A killer bee zombie (D:8)
  2 mummies (Ossuary)
  Robin (D:3)
  2 howler monkey zombies
  6 adders
  13 gnolls
  3 river rats
  2 shadow imps (D:8)
  A white imp (D:11)
  2 ufetubi
  An adder zombie (Ossuary)
  A worm (D:3)
  3 dart slugs
  86 orcs
  7 endoplasms
  3 giant cockroaches
  4 gnoll zombies (Ossuary)
  21 goblins
  11 hobgoblins
  3 jackals (D:3)
  19 kobolds
  2 quokkas
  9 ball pythons
  12 bats
  2 frilled lizards
  3 hobgoblin zombies (Ossuary)
  6 kobold zombies (Ossuary)
  5 orc zombies (Ossuary)
  19 rats
1021 creatures vanquished.

Vanquished Creatures (collateral kills)
  2 angels (Elf:1)
2 creatures vanquished.

Vanquished Creatures (others)
  A two-headed ogre (D:11)
  A deep elf knight (Elf:1)
  A deep elf zephyrmancer (Elf:2)
  A human (Lair:4)
  A bullfrog (Lair:4)
  An orc wizard (D:5)
  A bush (Lair:2)
  18 fungi
  114 plants
139 creatures vanquished.

Grand Total: 1162 creatures vanquished

Notes
Turn   | Place    | Note
-------+----------+-------------------------------------------
     0 | D:1      | frimble the Demonspawn Warper began the quest for the Orb.
     0 | D:1      | Reached XP level 1. HP: 16/16 MP: 3/3
   434 | D:1      | Gained mutation: You are partially covered in sharp spines.
                  | [demonic ancestry]
   434 | D:1      | Reached XP level 2. HP: 20/22 MP: 5/5
   638 | D:1      | Found a faded altar of an unknown god.
   676 | D:1      | Learned a level 2 spell: Blink
   906 | D:1      | Gained mutation: You are partially covered in yellow
                  | scales. (AC +2) [demonic ancestry]
   906 | D:1      | Reached XP level 3. HP: 27/27 MP: 6/6
  1164 | D:2      | Found an opulent altar of Gozag.
  1638 | D:2      | HP: 1/27 [orc priest/nerve-wracking pain (11)]
  1649 | D:2      | Reached XP level 4. HP: 11/34 MP: 7/7
  1829 | D:3      | Noticed Robin
  1874 | D:3      | Killed Robin
  1914 | D:3      | Found Arreotege's Weapon Shoppe.
  1915 | D:3      | Reached skill level 1 in Axes
  2374 | D:3      | Reached XP level 5. HP: 41/41 MP: 8/8
  2770 | D:3      | Identified the +1 spear of Thoughtfulness {venom, +Blink
                  | Dex+7}
  2791 | D:3      | Found a burning altar of Makhleb.
  2950 | D:4      | Found a sacrificial altar of Ru.
  3099 | D:4      | Found a sand-covered staircase.
  3108 | Ossuary  | Entered an ossuary
  3181 | Ossuary  | Gained mutation: You sometimes gain a little power by
                  | taking damage. [demonic ancestry]
  3181 | Ossuary  | Reached XP level 6. HP: 41/47 MP: 9/9
  3191 | Ossuary  | Reached skill level 5 in Short Blades
  3251 | Ossuary  | Reached XP level 7. HP: 49/52 MP: 10/10
  3522 | D:5      | Entered Level 5 of the Dungeon
  3551 | D:5      | Found a blossoming altar of Fedhas.
  3573 | D:5      | Noticed Menkaure
  3598 | D:5      | Killed Menkaure
  3798 | D:5      | Found a glowing drain.
  3804 | Sewer    | Entered a sewer
  3972 | D:5      | Reached XP level 8. HP: 58/58 MP: 11/11
  3973 | D:5      | Found a bloodstained altar of Trog.
  4201 | D:5      | Found a stormy altar of Qazlal.
  4675 | D:6      | Reached skill level 5 in Fighting
  4706 | D:6      | Identified the +10 mace of Duatef {venom, MP+9 Dex+3 SInv}
  5130 | D:6      | Found a staircase to the Ecumenical Temple.
  5318 | D:7      | Reached skill level 1 in Maces & Flails
  5569 | D:7      | Reached XP level 9. HP: 27/71 MP: 12/12
  5628 | D:7      | Found a snail-covered altar of Cheibriados.
  5945 | D:7      | Reached skill level 1 in Long Blades
  6171 | D:7      | Became a worshipper of Cheibriados the Contemplative
  6284 | D:8      | Found a large runed translucent door.
  6285 | D:8      | Found a large runed translucent door.
  6302 | D:8      | Noticed a centaur warrior
  6321 | D:8      | Killed a centaur warrior
  6322 | D:8      | Reached skill level 2 in Shields
  6327 | D:8      | Reached skill level 3 in Shields
  6337 | D:8      | Paralysed by an orc priest for 5 turns
  6346 | D:8      | Paralysed by an orc priest for 5 turns
  6406 | D:8      | Noticed a boulder beetle
  6425 | D:8      | Reached skill level 4 in Shields
  6425 | D:8      | Killed a boulder beetle
  6426 | D:8      | Reached skill level 5 in Long Blades
  6426 | D:8      | Gained mutation: You are mostly covered in yellow scales.
                  | (AC +3) [demonic ancestry]
  6426 | D:8      | Reached XP level 10. HP: 77/77 MP: 13/13
  6557 | D:8      | Reached * piety under Cheibriados
  6573 | D:8      | Noticed a two-headed ogre
  6576 | D:8      | Paralysed by a hornet for 1 turns
  6615 | D:8      | Killed a two-headed ogre
  6805 | D:8      | Noticed a cyan ugly thing
  6806 | D:8      | Noticed a red ugly thing
  6832 | D:8      | Killed a purple ugly thing
  6846 | D:8      | Killed a cyan ugly thing
  6931 | D:8      | Identified the +6 spear of Plunder {elec, Drain Fly Dex+2}
  6950 | D:8      | Reached ** piety under Cheibriados
  6984 | D:8      | Reached skill level 1 in Armour
  7155 | D:8      | Noticed a five-headed hydra
  7164 | D:8      | Killed a one-headed hydra
  7165 | D:8      | Gained mutation: You sometimes gain power by taking damage.
                  | [demonic ancestry]
  7165 | D:8      | Reached XP level 11. HP: 65/83 MP: 14/14
  7807 | D:9      | Found an iron altar of Okawaru.
  7891 | D:9      | Reached *** piety under Cheibriados
  7972 | D:9      | Found Gitiunt's Assorted Antiques.
  7980 | D:9      | Bought a sapphire potion for 18 gold pieces
  7998 | D:9      | Noticed a two-headed ogre
  8008 | D:9      | Killed a two-headed ogre
  8009 | D:9      | Reached skill level 5 in Translocations
  8143 | D:10     | Entered Level 10 of the Dungeon
  8342 | D:10     | Found a hazy altar of Hepliaklqana.
  8434 | D:10     | Noticed a two-headed ogre
  8440 | D:10     | Killed a two-headed ogre
  8441 | D:10     | Reached skill level 10 in Long Blades
  8855 | D:10     | Found a staircase to the Lair.
  9201 | Lair:1   | Entered Level 1 of the Lair of Beasts
  9244 | Lair:1   | Reached **** piety under Cheibriados
  9267 | Lair:1   | Reached skill level 1 in Invocations
  9394 | Lair:1   | Noticed a seven-headed hydra
  9401 | Lair:1   | Killed a three-headed hydra
  9402 | Lair:1   | Reached skill level 1 in Evocations
  9418 | Lair:1   | Reached skill level 5 in Armour
  9418 | Lair:1   | Gained mutation: You are completely covered in yellow
                  | scales. (AC +4, rCorr) [demonic ancestry]
  9418 | Lair:1   | Reached XP level 12. HP: 46/89 MP: 5/16
  9418 | Lair:1   | Noticed Urug
  9533 | Lair:1   | Killed Urug
 10104 | Lair:2   | Reached ***** piety under Cheibriados
 10381 | Lair:2   | Reached skill level 5 in Invocations
 10506 | Lair:2   | Found a radiant altar of Vehumet.
 11455 | Lair:3   | Noticed a five-headed hydra
 11464 | Lair:3   | Killed a one-headed hydra
 11732 | Lair:3   | Found a staircase to the Snake Pit.
 11877 | Lair:3   | Gained mutation: You are mostly covered in sharp spines.
                  | [demonic ancestry]
 11877 | Lair:3   | Reached XP level 13. HP: 73/95 MP: 20/20
 12010 | Lair:3   | Found a staircase to the Swamp.
 12339 | Lair:4   | Reached skill level 5 in Spellcasting
 12390 | Lair:4   | Reached skill level 5 in Evocations
 12444 | Lair:4   | Noticed Kirke
 12446 | Lair:4   | Reached ****** piety under Cheibriados
 12460 | Lair:4   | Killed Kirke
 12898 | Lair:4   | Noticed Rupert
 12898 | Lair:4   | Paralysed by Rupert for 7 turns
 13817 | Lair:6   | Entered Level 6 of the Lair of Beasts
 13938 | Lair:6   | Gained mutation: You are completely covered in sharp
                  | spines. [demonic ancestry]
 13938 | Lair:6   | Reached XP level 14. HP: 91/103 MP: 21/21
 13985 | Lair:6   | Found a gate leading to a gauntlet.
 13990 | Gauntlet | Entered a Gauntlet
 13990 | Gauntlet | Found a transporter.
 14000 | Gauntlet | Found a transporter.
 14002 | Gauntlet | Found a transporter.
 14003 | Gauntlet | Found a transporter.
 14011 | Gauntlet | Found a transporter.
 14014 | Gauntlet | Found a transporter.
 14015 | Gauntlet | Found a transporter.
 14111 | Gauntlet | Found a runed translucent door.
 14112 | Gauntlet | Found a runed translucent door.
 14114 | Gauntlet | Found a transporter.
 14114 | Gauntlet | Found a transporter.
 14114 | Gauntlet | Found a transporter.
 14128 | Gauntlet | Identified the +0 cloak of Soft Rains {Int+4}
 14133 | Gauntlet | Found a runed translucent gate.
 14133 | Gauntlet | Found a runed translucent gate.
 14133 | Gauntlet | Found a runed translucent gate.
 14135 | Gauntlet | Found a transporter.
 14139 | Gauntlet | Found a transporter.
 14140 | Gauntlet | Found a transporter.
 14172 | Gauntlet | Identified the ring "Moneri" {rPois rF+ Will+}
 14234 | Gauntlet | Found a transporter.
 14237 | Gauntlet | Identified the amulet "Engegug" {Acrobat -Cast Harm *Slow
                  | Dex+9}
 14254 | Gauntlet | Identified the +8 battleaxe of Jiubaf {vorpal, Int+5}
 14322 | Lair:6   | Found a viscous altar of Jiyva.
 14322 | Lair:6   | Found a staircase to the Slime Pits.
 14661 | Lair:6   | Reached skill level 10 in Fighting
 15279 | Lair:4   | You fall into a shaft and drop 1 floor!
 15485 | Lair:4   | Killed Rupert
 15789 | D:8      | Found a shimmering blue altar of Sif Muna.
 16082 | D:11     | Found a staircase to the Orcish Mines.
 17040 | D:12     | Noticed Erolcha
 17044 | D:12     | Killed Erolcha
 17691 | D:13     | Found a gate to the Vaults.
 17692 | D:13     | Found a transporter.
 17700 | D:13     | Found a transporter.
 17739 | D:13     | Found a transporter.
 17765 | D:13     | Found a transporter.
 18096 | D:13     | Found a transporter.
 18127 | D:13     | Found a transporter.
 18187 | D:13     | Gained mutation: You are robust. (+10% HP) [demonic
                  | ancestry]
 18187 | D:13     | Reached XP level 15. HP: 94/133 MP: 24/24
 18626 | D:14     | Found Eheit's General Store.
 18638 | D:14     | Reached skill level 5 in Dodging
 18654 | D:14     | Bought a potion of curing for 54 gold pieces
 18654 | D:14     | Bought a potion of curing for 54 gold pieces
 18654 | D:14     | Bought a scroll of immolation for 63 gold pieces
 18679 | D:14     | Found a sacrificial altar of Ru.
 18908 | D:14     | Reached skill level 5 in Shields
 19174 | D:14     | Found Nyzi's Armour Emporium.
 19296 | D:15     | Entered Level 15 of the Dungeon
 19314 | D:14     | Reached skill level 6 in Shields
 19583 | D:15     | Found a staircase to the Depths.
 19583 | D:15     | Noticed a fire giant
 19618 | D:15     | Found a radiant altar of Vehumet.
 19651 | D:15     | Identified the +1 robe of Defence {Will+}
 19663 | D:15     | Reached skill level 7 in Shields
 20242 | D:15     | Killed a fire giant
 20568 | Orc:1    | Entered Level 1 of the Orcish Mines
 20628 | Orc:2    | Entered Level 2 of the Orcish Mines
 20628 | Orc:2    | Found a staircase to the Elven Halls.
 20638 | Orc:2    | Reached skill level 8 in Shields
 20854 | Orc:2    | Reached skill level 9 in Shields
 21175 | Orc:2    | Found Godepoco's General Store.
 21222 | Orc:2    | Found Usul's Antique Weapon Shoppe.
 21355 | Orc:2    | HP: 2/134 [orc priest/divine providence (13)]
 21581 | Orc:2    | Found Okabb's Weapon Boutique.
 21581 | Orc:2    | Found Tummunyw's Weapon Shoppe.
 21755 | Orc:1    | Found Geolil's Armour Shoppe.
 21755 | Orc:1    | Noticed Maurice
 21779 | Orc:1    | Killed Maurice
 21806 | Orc:1    | Bought a +1 helmet of intelligence for 247 gold pieces
 22211 | Elf:1    | Entered Level 1 of the Elven Halls
 22213 | Elf:1    | Paralysed by an air elemental for 1 turns
 22216 | Elf:1    | Reached skill level 10 in Shields
 22273 | Elf:1    | Found a crumbling gateway.
 22309 | Desolati | Entered the Desolation of Salt
 22359 | Desolati | Gained mutation: You have a small tail. [demonic ancestry]
 22359 | Desolati | Reached XP level 16. HP: 40/141 MP: 25/25
 22363 | Desolati | Reached skill level 11 in Shields
 22632 | Desolati | Identified the ring "Hir Cuori" {Fly rF- Will+ Dex+4}
 22637 | Desolati | Got the Catalogue of Congealing Calling
 22662 | Desolati | Reached skill level 12 in Shields
 22676 | Desolati | Identified the amulet "Ofarovej" {RegenMP Int+3}
 22751 | Desolati | Identified the ring of Tempters {Fire rPois Str+10 Int+3
                  | Dex-5}
 22758 | Desolati | Got Inyes's Grimoire of Spores
 22825 | Desolati | Reached skill level 13 in Shields
 23024 | Desolati | Got the Catalogue of Warped Venom
 23104 | Desolati | Got the Collected Works on Dusty Attacks
 23205 | Desolati | Reached skill level 14 in Shields
 23311 | Desolati | Got Sif Muna's Guide on Heat
 23476 | Desolati | Identified the +0 helmet of the Unbroken {Harm}
 23565 | Desolati | Identified the amulet "Parait" {Regen+ Str+4 Int+2}
 23588 | Desolati | Identified the ring "Zoetucyem" {rC+ rN++ Str+5 Dex-2}
 23592 | Desolati | Identified the ring "Vaishrops" {Wiz rPois}
 23713 | Elf:1    | You fall into a shaft and drop 1 floor!
 23716 | Elf:2    | Noticed a deep elf blademaster
 23722 | Elf:2    | Killed a deep elf blademaster
 23808 | Elf:2    | Reached skill level 15 in Shields
 23913 | Elf:2    | Gained mutation: You have a tail ending in a sharp stinger.
                  | [demonic ancestry]
 23913 | Elf:2    | Reached XP level 17. HP: 139/148 MP: 26/26
 24052 | Elf:2    | Found a runed translucent gate.
 24052 | Elf:2    | Found a runed translucent gate.
 24053 | Elf:2    | Found a runed translucent gate.
 24428 | Elf:2    | Found Cikh's Antique Weapon Shoppe.
 24513 | Elf:2    | Found Juhixe's General Store.
 24597 | Elf:2    | Paralysed by an air elemental for 1 turns
 24829 | Elf:1    | Paralysed by an air elemental for 1 turns
 24890 | Elf:1    | Reached skill level 10 in Invocations
 24914 | Elf:1    | HP: 7/148 [deep elf zephyrmancer/bolt of lightning (22)]
 25264 | Elf:1    | Got Sif Muna's Compendium of the Dolphin
 25418 | Elf:1    | Found a portal to a secret trove of treasure.
 25625 | Elf:2    | Paralysed by an air elemental for 1 turns
 25634 | Elf:2    | Found Plog's Antique Weapon Shoppe.
 25637 | Elf:2    | Found Deacwex's Antique Armour Shop.
 25637 | Elf:2    | Noticed Asterion
 25659 | Elf:2    | Killed Asterion
 25964 | Elf:2    | Bought a pair of embroidered gloves for 165 gold pieces
 26050 | Elf:3    | Entered Level 3 of the Elven Halls
 26192 | Elf:3    | Paralysed by an air elemental for 1 turns
 26195 | Elf:3    | Paralysed by an air elemental for 1 turns
 26199 | Elf:3    | Paralysed by an air elemental for 1 turns
 26225 | Elf:3    | Found a runed translucent gate.
 26226 | Elf:3    | Found a runed translucent gate.
 26227 | Elf:3    | Found a runed translucent gate.
 26241 | Elf:3    | Noticed Olleb's ghost (adept GnWn)
 26277 | Elf:3    | Found a viscous altar of Jiyva.
 26775 | Elf:3    | Noticed a deep elf blademaster
 26775 | Elf:3    | Noticed Bai Suzhen
 26783 | Elf:3    | Noticed a Hell Sentinel
 26787 | Elf:3    | Killed a deep elf blademaster
 26803 | Elf:3    | Noticed a Brimstone Fiend
 26808 | Elf:3    | Killed Bai Suzhen
 26821 | Elf:3    | Identified the +4 scythe of Sunlight {protect, Fly rN+
                  | Str-3}
 27039 | Elf:3    | Noticed a Brimstone Fiend
 27041 | Elf:3    | Noticed an Ice Fiend
 27055 | Elf:3    | Identified the +3 flail "Transmigrator" {antimagic, rC-
                  | Dex+6}
 27055 | Elf:3    | Identified the ring "Kugeumad" {*Slow +Blink Will+ Dex+7}
 27091 | Elf:3    | Reached XP level 18. HP: 69/158 MP: 28/30
 27093 | Elf:3    | Identified the +1 ring mail of Theory {Int+3}
 27093 | Elf:3    | Identified the amulet of Womoe {Reflect Harm Str+3 SH+5}
 27124 | Elf:3    | Shot with an arrow by a deep elf master archer

Illustrated notes

Levels and vault maps discovered:
D:1:      minmay_arrival_diagonal_passages, layout_basic,
          basic_ecumenical_altar, minmay_close_crescents
D:2:      minmay_spotlight, layout_loops_cross, basic_altar
D:3:      minmay_door_path, layout_basic, lightli_temple_of_fire, serial_shops,
          nicolae_shop_waterfront, kennysheep_flooded_box, serial_bayou_pond_e,
          uniq_robin
D:4:      layout_loops_ring, overflow_temple_1_default,
          nicolae_ossuary_entry_monument
D:5:      layout_loops_ring, fedhas_altar_fruit_tree,
          mainiacjoe_overflow_concentric_impassable, bloody_trog,
          portal_sewer_entry_e, serial_bayou_pond_c, uniq_menkaure
D:6:      layout_cave_pools, minmay_temple_entry_purple_smoke,
          nicolae_figureground_pulse
D:7:      layout_rooms, kennysheep_slug_shrine
D:8:      minmay_the_grid_octo_tiled_octocenter
          [minmay_the_grid_octo_checkerflower, minmay_the_grid_octo_toaster,
          minmay_the_grid_octo_pinwheel, minmay_the_grid_octo_fan_narrow,
          minmay_the_grid_octo_prize_ultimate_mussel_roller,
          minmay_the_grid_square_5x5_tri_point,
          minmay_the_grid_square_5x5_gyroscope,
          minmay_the_grid_square_5x5_shuriken,
          minmay_the_grid_square_5x5_three_walls], layout_basic,
          jmf_multi_god_temple2
D:9:      layout_roguey, kennysheep_okawaru_gauntlet, serial_shops,
          shop_fountains
D:10:     layout_grid_maze, nzn_hepliaklqana_mist_gate, lair_entry_dummy
D:11:     layout_long_grid, orc_0_dummy, serial_ice, serial_ice_m, serial_ice_h,
          serial_ice_f, serial_ice_k
D:12:     layout_basic, uniq_erolcha
D:13:     layout_basic, erik_vaults_1, serial_nicolae_subway,
          nicolae_sub_station_crystal, nicolae_sub_station_metal,
          nicolae_sub_station_stone
D:14:     layout_big_octagon, serial_shops, nicolae_stop_n_shop_2,
          nicolae_shop_hallway_plus, nicolae_ru_sacrificial_ziggurat
D:15:     grunt_enter_depths_giant_problem, layout_irregular_city,
          vehumet_crystals, chequers_decorated_corner, zin_treasury
Lair:1:   layout_hall_layers, grunt_megastairs_5, serial_bayou_shore_b,
          uniq_urug
Lair:2:   layout_layer_cave, basic_altar, minmay_lair_oklob_items,
          grunt_megastairs_3, infiniplex_staircase_pool_2, serial_bayou_shore_b
Lair:3:   beast_lair_carwin_large_3, layout_small_grid, swamp_mist,
          minmay_snake_entry_guardpost_large, lemuel_fruit_tree
Lair:4:   layout_loops_ring, serial_bayou_lagoon_a, uniq_kirke, uniq_rupert
Lair:5:   layout_cave_pods
Lair:6:   gammafunk_lair_ancient_temple, layout_regular_city, slime_altar_1,
          gauntlet_entry_generic, nicolae_lair_yak_garden
Orc:1:    layout_caves, serial_shops, shop, mines5_lemuel, uniq_maurice
Orc:2:    st_orc_town, layout_caves
Elf:1:    layout_gridlike, portal_desolation_entry_holy_temple,
          trove_entry_hex_spiral, minmay_elf_annihilation
Elf:2:    elven_hall_of_blades_hangedman_original
          [nicolae_blade_entry_area_security], layout_gridlike, serial_shops,
          nicolae_lakefront_shop, shop_statue, shop_coins, nicolae_shop_crystal,
          small_statue_intersection, kilobyte_rumbling_trees, uniq_asterion
Elf:3:    minmay_elf_hall_golems, layout_loops_cross, gammafunk_ghost_ooze,
          uniq_bai_suzhen

Skill      XL: |  1  2  3  4  5  6  7  8  9 10 11 12 13 14 15 16 17 |
---------------+----------------------------------------------------+-----
Short Blades   | 2 3 4 6 7 8 |  8.9
Dodging        | 2 3 4 5 |  5.0
Fighting       | 3 6 7 12 13 | 13.7
Axes           | 1 2 3 |  3.3
Maces & Flails | 1 |  1.7
Long Blades    | 5 9 10 11 12 | 12.9
Shields        | 4 10 15 | 15.5
Translocations | 4 6 7 8 |  8.0
Armour         | 1 5 6 7 |  7.0
Invocations    | 3 6 9 12 | 12.5
Evocations     | 2 4 6 9 |  9.2
Spellcasting   | 4 5 6 8 |  8.0
Throwing       | |  0.8

Action                   |  1- 3 |  4- 6 |  7- 9 | 10-12 | 13-15 | 16-18 || total
-------------------------+-------+-------+-------+-------+-------+-------++-------
Melee: Short sword       |   106 |     3 |    52 |       |       |       ||   161
       Dagger            |       |    82 |   264 |   102 |    21 |       ||   469
       Hand axe          |       |    76 |    30 |       |       |       ||   106
       Punch             |       |     3 |     8 |       |       |       ||    11
       Mace              |       |       |    22 |       |       |       ||    22
       Scimitar          |       |       |    51 |   430 |  1114 |   133 ||  1728
       Demon blade       |       |       |       |       |       |   687 ||   687
       Tailslap          |       |       |       |       |       |   184 ||   184
Throw: Throwing net      |       |       |     1 |       |       |       ||     1
       Boomerang         |       |       |     1 |    15 |    14 |    28 ||    58
 Cast: Blink             |       |       |     3 |     9 |    13 |     2 ||    27
Invok: Slouch            |       |       |       |     1 |     9 |    13 ||    23
       Temporal Distorti |       |       |       |       |       |     4 ||     4
       Step From Time    |       |       |       |       |       |     2 ||     2
Evoke: Wand              |       |       |       |     1 |    17 |     8 ||    26
       Condenser vane    |       |       |       |       |     2 |     3 ||     5
  Use: Potion            |     1 |       |     3 |     5 |     5 |     5 ||    19
       Scroll            |       |     7 |    11 |     5 |    12 |    11 ||    46
 Stab: Sleeping          |     1 |       |     1 |       |       |       ||     2
       Held in net/web   |       |       |     1 |       |       |       ||     1
       Invisible         |       |       |       |     2 |       |       ||     2
       Petrifying        |       |       |       |       |     3 |       ||     3
       Petrified         |       |       |       |       |     2 |       ||     2
       Distracted        |       |       |       |       |     2 |       ||     2
       Paralysed         |       |       |       |       |       |     1 ||     1
Armor: Leather armour    |    16 |    49 |    85 |    17 |       |       ||   167
       Skin              |       |       |   102 |       |       |       ||   102
       Chain mail        |       |       |       |   219 |   533 |   240 ||   992
Dodge: Dodged            |    56 |    97 |   199 |   235 |   501 |   260 ||  1348
Block: Buckler           |       |       |     4 |   168 |   397 |   116 ||   685
       Kite shield       |       |       |       |       |       |   392 ||   392

Table legend: (Time is in decaauts)
 A = Elapsed time spent in this place.
 B = Non-inter-level travel time spent in this place.
 C = Inter-level travel time spent in this place.
 D = Time resting spent in this place.
 E = Time spent auto-exploring this place.
 F = Levels seen in this place.
 G = Mean time per level.
                   A        B        C        D        E       F      G
               +--------+--------+--------+--------+--------+-----+--------+
         Total |  39254 |  36605 |   2649 |    430 |  28252 |  30 | 1308.5 |
       Dungeon |  18232 |  16752 |   1480 |    200 |  13464 |  15 | 1215.5 |
          Lair |  10209 |   9515 |    694 |     81 |   7920 |   6 | 1701.5 |
  Orcish Mines |   2697 |   2408 |    289 |      0 |   1886 |   2 | 1348.5 |
   Elven Halls |   5426 |   5241 |    185 |     11 |   3952 |   3 | 1808.7 |
         Sewer |    114 |    114 |      0 |      0 |     50 |   1 |  114.0 |
       Ossuary |    259 |    259 |      0 |      0 |     89 |   1 |  259.0 |
    Desolation |   1879 |   1879 |      0 |     51 |    802 |   1 | 1879.0 |
      Gauntlet |    434 |    434 |      0 |     86 |     87 |   1 |  434.0 |
               +--------+--------+--------+--------+--------+-----+--------+

Top non-repeatable levels by time:
  Lair:2: 2504 daAuts
   Elf:2: 2113 daAuts
Desolation: 1879 daAuts
     D:8: 1826 daAuts
    D:13: 1821 daAuts
   Orc:2: 1754 daAuts
  Lair:5: 1730 daAuts
    D:15: 1726 daAuts
    D:10: 1721 daAuts
   Elf:1: 1715 daAuts
  Lair:6: 1712 daAuts
    D:12: 1656 daAuts
    D:11: 1611 daAuts
  Lair:4: 1607 daAuts
   Elf:3: 1596 daAuts
